 Seeded DCSS version 0.30-a0-920-g7493c07aab (webtiles) character file.

Game seed: 3125986916090331667 (custom seed)

6 Parcival the Conjurer (level 2, -1/19 HPs)
             Began as a Human Conjurer on Mar 21, 2023.
             Slain by a goblin
             ... wielding a +0 club
              (4 damage)
             ... on level 1 of the Dungeon.
             The game lasted 00:00:34 (289 turns).

Parcival the Conjurer (Human Conjurer)               Turns: 289, Time: 00:00:34

Health: -1/19      AC:  2    Str:  7    XL:     2   Next: 0%
Magic:  5/5        EV: 12    Int: 18    God:
Gold:   0          SH:  0    Dex: 11    Spells: 4/5 levels left

rFire   . . .      SeeInvis .    c - +4 lajatang (elec)
rCold   . . .      Faith    .    (shield currently unavailable)
rNeg    . . .      Spirit   .    a - +0 robe
rPois   .          Reflect  .    (no helmet)
rElec   .          Rampage  .    (no cloak)
rCorr   .                        (no gloves)
Will    .....                    (no boots)
Stlth   ++                       (no amulet)
HPRegen 0.23/turn                (no ring)
MPRegen 0.09/turn                (no ring)

@: no status effects
A: no striking features
a: no special abilities


You were on level 1 of the Dungeon.
You visited 1 branch of the dungeon, and saw 1 of its levels.

Inventory:

Hand Weapons
 c - a +4 lajatang of electrocution (weapon)
Armour
 a - a +0 robe (worn)
Potions
 b - a potion of magic


   Skills:
 + Level 2.0 Dodging
 + Level 2.0 Stealth
 + Level 2.0 Spellcasting
 + Level 4.3 Conjurations


You had 4 spell levels left.
You knew the following spells:

 Your Spells              Type           Power      Damage    Failure   Level
a - Magic Dart            Conj           68%        1d6       3%          1

Your spell library contained the following spells:

 Spells                   Type           Power      Damage    Failure   Level
 Searing Ray              Conj           34%        2d5       4%          2
 Dazzling Flash           Conj/Hex       18%        N/A       22%         3
 Fulminant Prism          Conj/Hex       4%         3d5       58%         4
 Iskenderun's Mystic Bla  Conj/Tloc      9%         2d4       58%         4


Dungeon Overview and Level Annotations

Branches:
Dungeon (1/15)

Altars:


Message History

a +0 whip; a rat corpse; a kobold corpse HP restored.
Found a stone staircase leading down.
There is a stone staircase leading down here.
Found a short sword.
Found 4 stones.
Unknown command.
A goblin comes into view. It is wielding a +0 club.
The goblin shouts!
The goblin closely misses you. The goblin hits you with a +0 club.
The goblin hits you with a +0 club. The goblin hits you with a +0 club.
The goblin misses you. The goblin hits you but does no damage.
The goblin barely misses you. The goblin closely misses you.
The goblin closely misses you. The goblin hits you with a +0 club.
The goblin hits you but does no damage. The goblin closely misses you.
The goblin closely misses you. The goblin hits you with a +0 club.
The goblin barely misses you. The goblin hits you with a +0 club.
The goblin misses you. The goblin misses you.
The goblin hits you with a +0 club. The goblin misses you.
The goblin completely misses you. The goblin hits you with a +0 club.
The goblin misses you. The goblin hits you with a +0 club.
The goblin hits you with a +0 club. The goblin closely misses you.
The goblin hits you with a +0 club.
* * * LOW HITPOINT WARNING * * *
The goblin closely misses you. The goblin hits you with a +0 club.
You die...

.......####.....(.#
......## ###...###
###.### ###...#
##..#######.....#
................#
##......##......#
#......##...#.##
####......###.####
#.####.#....@.#
#....#.#..#.#g#
##.<.###....#.#
#...##........
######.#####.## #.
.# .. .# ## .#


You could see a goblin.

Vanquished Creatures
  An endoplasm (D:1)
  A kobold (D:1)
  A ball python (D:1)
  2 goblins (D:1)
  A rat (D:1)
6 creatures vanquished.

Notes
Turn   | Place    | Note
-------+----------+-------------------------------------------
     0 | D:1      | Parcival the Human Conjurer began the quest for the Orb.
     0 | D:1      | Reached XP level 1. HP: 13/13 MP: 3/3
    70 | D:1      | Identified a scroll of acquirement
    70 | D:1      | Acquired a +4 lajatang of electrocution
   149 | D:1      | Reached XP level 2. HP: 6/19 MP: 5/5
   289 | D:1      | Slain by a goblin

Illustrated notes

Levels and vault maps discovered:
D:1:      amcnicky_arrival_single_pillar, layout_loops_cross,
          hangedman_glass_garden

Action                     || total
---------------------------++-------
  Melee: Lajatang          ||     9
   Cast: Magic Dart        ||     4
    Use: Scroll            ||     1
   Stab: Sleeping          ||     1
 Armour: Robe              ||     2
  Dodge: Dodged            ||    19

Table legend: (Time is in decaauts)
 A = Elapsed time spent in this place.
 B = Non-inter-level travel time spent in this place.
 C = Inter-level travel time spent in this place.
 D = Time resting spent in this place.
 E = Time spent auto-exploring this place.
 F = Levels seen in this place.
 G = Mean time per level.
                   A        B        C        D        E       F      G
               +--------+--------+--------+--------+--------+-----+--------+
         Total |    292 |    292 |      0 |      0 |    208 |   1 |  292.0 |
       Dungeon |    292 |    292 |      0 |      0 |    208 |   1 |  292.0 |
               +--------+--------+--------+--------+--------+-----+--------+

Top non-repeatable levels by time:
     D:1: 292 daAuts
